cohdb
Replays
Latest Replays
All Replays
Popular Replays
Top Player Replays
Match Explorer
How It Works
Community
CoH3 Stats
Reddit
Sign in to upload your games and track your stats! →
Sign in with Steam
Match 46319460
Unlisted
Match 46319460
Overview
Messages
Build Orders
End
Pioneer Squad
Construct Infanterie Kompanie
Selects Terror Battlegroup
Selects Machine Gun Camouflage
Grenadier Squad
MG 42 Machine Gun Team
Grenadier Squad
Construct Luftwaffe Kompanie
Flak 30 Anti-aircraft Gun Team
Jäger Squad
Jäger Squad
Support Elements
Wirbelwind Flakpanzer
Selects No Quarter
Medical Station
Wirbelwind Flakpanzer
Marder III M Tank Destroyer
Marder III M Tank Destroyer
UMirinBrah?
别来找骂春竹๑ᵒᯅᵒ๑
0
0
Comments
sign in to comment!
No comments posted yet!